AoeStats
← Remixi

Black Forest

509540933Analyzed
4v4 RM · 3d ago on Sep 27, 2026· 51m 52s· 8 players
Game mode
Random Map
Map size
Large (8 player)
Population
200
Speed
Normal
Resources
Standard
Victory
Conquest
Starting age
Dark Age
Ending age
Imperial Age
RankedLock teamsTeams togetherTeam positionsShared explorationLock speedFull tech treeHidden civsTurbo modeCheats
Victory
Defeat
🇨🇱 Romans · Chile
1055
+14
🇨🇱 Japanese · Chile
1052
+14
🇨🇱 Muisca · Chile
1041
+15
🇨🇱 Italians · Chile
1029
+15
🇵🇪 Saxons · Peru
1054
-16
🇨🇦 Portuguese · Canada
1031
-15
🇮🇳 Persians · India
1001
-14
🇺🇸 Spanish · United States
977
-13
Pato
8:21 Loom
11:31 Feudal Age
13:06 Double-Bit Axe
17:06 Castle Age
26:54 Wheelbarrow
28:42 Bloodlines
29:36 Horse Collar
30:36 Hand Cart
31:24 Forging
31:19 Scale Barding Armor
34:45 Imperial Age
33:41 Gold Mining
33:43 Stone Mining
35:59 Cavalier
40:53 Chemistry
41:17 Conscription
42:16 Iron Casting
42:01 Chain Barding Armor
42:40 Paladin
46:25 Blast Furnace
46:00 Plate Barding Armor
MA
0:27 Loom
12:57 Feudal Age
13:38 Horse Collar
13:45 Double-Bit Axe
20:18 Castle Age
18:14 Stone Mining
18:16 Gold Mining
35:34 Wheelbarrow
36:11 Bow Saw
36:32 Heavy Plow
37:39 Hand Cart
Boxster553
1:42 Loom
9:53 Feudal Age
16:21 Castle Age
15:15 Double-Bit Axe
15:13 Horse Collar
16:16 Town Watch
18:11 Wheelbarrow
19:20 Heavy Plow
23:24 Forging
23:20 Scale Barding Armor
24:32 Bloodlines
24:36 Husbandry
26:38 Hand Cart
29:56 Gold Mining
30:49 Chain Barding Armor
34:59 Imperial Age
32:57 Fletching
32:42 Elite Skirmisher
33:30 Thumb Ring
35:16 Ballistics
37:10 Conscription
Taikobo
0:56 Loom
14:32 Feudal Age
15:50 Wheelbarrow
16:29 Double-Bit Axe
16:58 Town Watch
19:53 Castle Age
18:08 Stone Mining
19:02 Horse Collar
20:23 Town Watch
22:13 Bow Saw
22:16 Fletching
22:27 Scale Mail Armor
24:48 Heavy Plow
25:40 Bodkin Arrow
25:48 Bodkin Arrow
25:59 Squires
27:20 Hand Cart
27:26 Hand Cart
29:46 Gold Mining
34:01 Masonry
34:34 Murder Holes
34:51 Fortified Wall
37:42 Imperial Age
34:52 Clerical Recruitment
34:59 Clerical Recruitment
37:21 Gold Shaft Mining
38:18 Ballistics
37:41 Treadmill Crane
37:59 Murder Holes
38:46 Conscription
39:46 Two-Man Saw
39:29 Chain Mail Armor
39:24 Forging
40:09 Architecture
40:40 Chemistry
40:08 Shield Wall
42:36 Guard Tower
42:32 Arrowslits
42:53 Siege Engineers
44:01 Crop Rotation
pipe
13:59 Feudal Age
15:31 Wheelbarrow
14:59 Double-Bit Axe
15:00 Horse Collar
20:30 Castle Age
21:17 Loom
22:48 Heavy Plow
23:00 Bow Saw
23:12 Hand Cart
25:23 Forging
25:38 Arson
26:37 Gold Mining
28:49 Gambesons
30:53 Gold Shaft Mining
30:10 Stone Mining
34:03 Imperial Age
34:16 Iron Casting
34:40 Fervor
35:02 Squires
35:15 Treadmill Crane
36:36 Chemistry
35:43 Siege Engineers
36:44 Blast Furnace
36:34 Kataparuto
36:35 Conscription
37:31 Two-Man Saw
37:08 Elite Samurai
40:04 Scale Barding Armor
40:01 Scale Mail Armor
42:28 Scale Barding Armor
42:40 Chain Mail Armor
49:00 Plate Mail Armor
Gekyume
0:32 Loom
12:12 Feudal Age
16:32 Castle Age
27:48 Double-Bit Axe
32:57 Horse Collar
33:53 Bow Saw
34:28 Heavy Plow
35:57 Gold Mining
36:10 Squires
39:55 Imperial Age
37:53 Forging
39:11 Wheelbarrow
39:34 Iron Casting
38:59 Scale Mail Armor
40:19 Elite Temple Guard
42:03 Chain Mail Armor
45:10 Crop Rotation
51:40 Plate Mail Armor
Remixi
0:27 Loom
11:06 Feudal Age
15:06 Castle Age
13:58 Double-Bit Axe
17:52 Wheelbarrow
20:09 Bow Saw
20:59 Horse Collar
23:12 Heavy Plow
25:56 Hand Cart
27:22 Fervor
32:39 Imperial Age
29:55 Town Watch
35:34 Two-Man Saw
35:09 Crop Rotation
35:10 Gold Mining
35:12 Stone Mining
37:21 Chemistry
39:43 Forging
39:33 Scale Mail Armor
41:30 Pikeman
41:46 Elite Genoese Crossbowman
42:47 Conscription
44:31 Ballistics
44:23 Padded Archer Armor
44:14 Fletching
44:44 Town Patrol
47:03 Bodkin Arrow
47:23 Leather Archer Armor
47:19 Thumb Ring
50:50 Bracer
51:21 Ring Archer Armor
52:10 Iron Casting
51:35 Scale Mail Armor
Lerny
0:55 Loom
12:18 Feudal Age
17:52 Castle Age
15:49 Double-Bit Axe
17:29 Horse Collar
19:14 Bow Saw
22:42 Forging
23:23 Heavy Plow
27:47 Gold Mining
30:16 Squires
35:21 Wheelbarrow
36:06 Ballistas
35:50 Man-at-Arms
36:35 Scale Mail Armor
37:45 Long Swordsman
42:16 Imperial Age
40:54 Chain Mail Armor
41:15 Iron Casting
42:54 Legionary
44:48 Blast Furnace
44:52 Gold Shaft Mining
45:31 Conscription
47:32 Chemistry
46:54 Ballistics
47:01 Hand Cart
47:19 Crop Rotation
46:55 Capped Ram
48:17 Siege Ram
49:49 Pikeman
Connection lost

Rejoining the realm…

Still unreachable

The connection could not be restored.

Session expired

The server has moved on; the page needs a fresh start.